 Dungeon Crawl Stone Soup version 0.30-a0-830-gfe289a77b0 (webtiles) character file.

Game seed: 5453044745206242048

53 Sabo the Sneak (level 3, -2/28 HPs)
             Began as a Gnoll Wanderer on Feb 28, 2023.
             Slain by a gnoll
             ... wielding a +0 halberd
              (6 damage)
             ... on level 2 of the Dungeon.
             The game lasted 00:06:35 (1537 turns).

Sabo the Sneak (Gnoll Wanderer)                     Turns: 1537, Time: 00:06:35

Health: -2/28      AC:  9    Str: 10    XL:     3   Next: 87%
Magic:  4/4        EV:  5    Int: 14    God:
Gold:   138        SH:  0    Dex: 11    Spells: 4/4 levels left

rFire   . . .      SeeInvis .    a - +2 dagger
rCold   . . .      Faith    .    (no shield)
rNeg    . . .      Spirit   .    j - +0 chain mail
rPois   .          Reflect  .    (no helmet)
rElec   .          Harm     .    (no cloak)
rCorr   .          Rampage  .    (no gloves)
Will    .....                    d - +0 pair of boots Stlth
                                 (no amulet)
HPRegen 0.24/turn                (no ring)
MPRegen 0.09/turn                (no ring)

@: no status effects
A: fangs 1, strong nose, distributed training
a: no special abilities


You were on level 2 of the Dungeon.
You visited 1 branch of the dungeon, and saw 2 of its levels.

You collected 138 gold pieces.

Inventory:

Hand Weapons
 a - a +2 dagger (weapon)
 c - a +0 spear
Armour
 d - a +0 pair of boots (worn)
 f - a +0 robe
 j - a +0 chain mail (worn)
Scrolls
 e - a scroll of teleportation
 g - a scroll of immolation {unknown}
 h - a scroll of butterflies {unknown}
 m - a scroll of brand weapon {unknown}
 o - a scroll of identify {unknown}
 p - a scroll of enchant weapon {unknown}
 r - a scroll of fog {unknown}
 s - a scroll of magic mapping {unknown}
Potions
 b - a potion of invisibility
 i - 2 potions of lignification {unknown}
 k - a potion of might {unknown}
 l - a potion of curing {unknown}
 n - a potion of heal wounds {unknown}
 q - a potion of brilliance {unknown}


   Skills:
 + Level 2.7 Fighting
 + Level 1.0 Short Blades
 + Level 1.0 Long Blades
 + Level 1.0 Axes
 + Level 1.0 Maces & Flails
 + Level 4.6 Polearms
 + Level 1.0 Staves
 + Level 1.0 Ranged Weapons
 + Level 2.7 Throwing
 + Level 1.0 Armour
 + Level 4.6 Dodging
 + Level 7.8 Stealth
 + Level 1.0 Shields
 + Level 1.0 Unarmed Combat
 + Level 1.0 Spellcasting
 + Level 0.7 Conjurations
 + Level 0.7 Hexes
 + Level 0.7 Summonings
 + Level 0.7 Necromancy
 + Level 0.7 Translocations
 + Level 0.7 Transmutations
 + Level 0.7 Fire Magic
 + Level 0.7 Ice Magic
 + Level 0.7 Air Magic
 + Level 0.7 Earth Magic
 + Level 0.7 Poison Magic
 + Level 1.1 Invocations
 + Level 1.0 Evocations


You had 4 spell levels left.
You didn't know any spells.
Your spell library was empty.

Dungeon Overview and Level Annotations

Branches:
Dungeon (2/15)

Altars:


Innate Abilities, Weirdness & Mutations

You have very sharp teeth.
Your uncanny sense of smell can sniff out nearby items.
Your experience applies equally to all skills.


Message History

You hit the gnoll.
The gnoll is almost dead.
A gnoll comes into view. It is wielding a +0 long sword.
The gnoll hits you with a +0 flail.
The gnoll shouts!
You hit the gnoll.
You kill the gnoll!
The bat hits you but does no damage.
Your Short Blades skill increases to level 1!
Your Long Blades skill increases to level 1!
Your Axes skill increases to level 1!
Your Maces & Flails skill increases to level 1!
Your Staves skill increases to level 1!
Your Ranged Weapons skill increases to level 1!
Your Armour skill increases to level 1!
Your Shields skill increases to level 1!
Your Unarmed Combat skill increases to level 1!
Your Spellcasting skill increases to level 1!
Your Evocations skill increases to level 1!
The bat attacks as you move away! The bat hits you but does no damage. x2
You see here a +0 flail.
The bat hits you but does no damage.
You see here a viscous inky potion.
The bat hits you but does no damage. The bat hits you but does no damage.
You miss the bat. The bat hits you but does no damage.
You hit the gnoll but do no damage. Your bite misses the gnoll.
The bat hits you but does no damage. The gnoll barely misses you.
You barely miss the gnoll. Your bite misses the gnoll.
The bat closely misses you. The gnoll hits you but does no damage.
You hit the gnoll.
The gnoll is heavily wounded.
The bat barely misses you.
The gnoll hits you from afar with a +0 halberd!
The gnoll hits you with a +0 long sword.
* * * LOW HITPOINT WARNING * * *
You hit the gnoll but do no damage. Your bite misses the gnoll.
The gnoll is heavily wounded.
The gnoll hits you from afar with a +0 halberd.
You die...

#. ∆ #. ∆ #. #. #. #.
###.######### #.
..~.....).g.# #.
#~~#.##≈~gb@###############.
##≈≈~.................
#≈≈≈..###...########.
#≈≈~~.##.....# #.
_.#≈≈≈~........#######.
...#≈≈≈~###...........†.
####≈≈~..#............##
≈≈≈≈≈≈~#.#.#########...#
≈≈≈≈# .#. #....)


You could see 2 gnolls and a bat.

Vanquished Creatures
  A gnoll (D:2)
  An adder (D:2)
  A dart slug (D:1)
  6 ball pythons (D:1)
  2 bats
  4 endoplasms (D:1)
  3 giant cockroaches
  A hobgoblin (D:1)
  2 kobolds
  4 frilled lizards
  5 goblins (D:1)
30 creatures vanquished.

Notes
Turn   | Place    | Note
-------+----------+-------------------------------------------
     0 | D:1      | Sabo the Gnoll Wanderer began the quest for the Orb.
     0 | D:1      | Sabo set off with the following items: a +2 dagger, a
                  | potion of invisibility, a +0 spear, a +0 pair of boots, a
                  | scroll of teleportation, a +0 robe.
     0 | D:1      | Reached XP level 1. HP: 17/17 MP: 1/1
   343 | D:1      | Reached XP level 2. HP: 23/23 MP: 2/2
   853 | D:1      | Reached XP level 3. HP: 25/28 MP: 3/3
  1441 | D:2      | Reached skill level 1 in Invocations
  1514 | D:2      | Found a faded altar of an unknown god.
  1528 | D:2      | Reached skill level 1 in Short Blades
  1528 | D:2      | Reached skill level 1 in Long Blades
  1528 | D:2      | Reached skill level 1 in Axes
  1528 | D:2      | Reached skill level 1 in Maces & Flails
  1528 | D:2      | Reached skill level 1 in Staves
  1528 | D:2      | Reached skill level 1 in Ranged Weapons
  1528 | D:2      | Reached skill level 1 in Armour
  1528 | D:2      | Reached skill level 1 in Shields
  1528 | D:2      | Reached skill level 1 in Unarmed Combat
  1528 | D:2      | Reached skill level 1 in Spellcasting
  1528 | D:2      | Reached skill level 1 in Evocations
  1537 | D:2      | Slain by a gnoll

Illustrated notes

Levels and vault maps discovered:
D:1:      nzn_arrival_settlement, layout_loops_corners, serial_bayou_pond_e,
          kennysheep_pointless_box, minmay_misc_feat_iff
D:2:      layout_loops_ring, nicolae_ecumenical_lake_church

Skill      XL: |  1  2  3 |
---------------+----------+-----
Invocations    | 1 |  1.1
Short Blades   | 1 |  1.0
Long Blades    | 1 |  1.0
Axes           | 1 |  1.0
Maces & Flails | 1 |  1.0
Staves         | 1 |  1.0
Ranged Weapons | 1 |  1.0
Armour         | 1 |  1.0
Shields        | 1 |  1.0
Unarmed Combat | 1 |  1.0
Spellcasting   | 1 |  1.0
Evocations     | 1 |  1.0
Fighting       | |  2.7
Polearms       | |  4.6
Throwing       | |  2.7
Dodging        | |  4.6
Stealth        | |  7.8
Conjurations   | |  0.7
Hexes          | |  0.7
Summonings     | |  0.7
Necromancy     | |  0.7
Translocations | |  0.7
Transmutations | |  0.7
Fire Magic     | |  0.7
Ice Magic      | |  0.7
Air Magic      | |  0.7
Earth Magic    | |  0.7
Poison Magic   | |  0.7

Action                     || total
---------------------------++-------
  Melee: Dagger            ||   111
         Bite              ||     8
   Stab: Sleeping          ||     3
 Armour: Robe              ||     3
         Chain mail        ||    56
  Dodge: Dodged            ||    40

Table legend: (Time is in decaauts)
 A = Elapsed time spent in this place.
 B = Non-inter-level travel time spent in this place.
 C = Inter-level travel time spent in this place.
 D = Time resting spent in this place.
 E = Time spent auto-exploring this place.
 F = Levels seen in this place.
 G = Mean time per level.
                   A        B        C        D        E       F      G
               +--------+--------+--------+--------+--------+-----+--------+
         Total |   1533 |   1533 |      0 |    130 |      0 |   2 |  766.5 |
       Dungeon |   1533 |   1533 |      0 |    130 |      0 |   2 |  766.5 |
               +--------+--------+--------+--------+--------+-----+--------+

Top non-repeatable levels by time:
     D:1: 1323 daAuts
     D:2: 210 daAuts
